Patriotes vs Harfangs
Created - January 6, 2018 at 19:52
Goals
|
Patriotes |
1 |
2 |
2 |
5 |
Harfangs |
1 |
3 |
4 |
8 |
|
Shots
|
Patriotes |
13 |
9 |
6 |
28 |
Harfangs |
7 |
16 |
14 |
37 |
|
1st period
1. Harfangs , Calle Jarnkrok 7 (Andreas Martinsen 9, Brenden Kichton 3) at 7:33
2. Patriotes , Phil McRae 6 (Andrew Gordon 18, Alex Petrovic 5) at 12:06
Penalties :
Matt Calvert (Nyc) for Hooking (Minor) at 5:11, Tomas Kubalik (BEA) for Hooking (Minor) at 14:10
2nd period
3. Patriotes , Mark Stone 6 (Christian Hanson 13, Timothy Kunes 18) at 1:40
4. Harfangs , Cody Eakin 12 (Dylan Olsen 8) at 2:39
5. Harfangs , Jean-Gabriel Pageau 12 (Vojtech Polak 11, Tomas Kubalik 14) at 5:03
6. Harfangs , Dustin Jeffrey 9 (Cody Eakin 16, Nathan Beaulieu 15) at 6:58 (PP)
7. Patriotes , Mark Stone 7 (Matt Calvert 9, Ryan Wilson 19) at 14:18
Penalties :
Justin Florek (Nyc) for Hooking (Minor) at 6:22, Austin Watson (Nyc) for Goalie Interference (Minor) at 7:05, Andreas Martinsen (BEA) for Hooking (Minor) at 9:53, Phil McRae (Nyc) for Hooking (Minor) at 18:13
3rd period
8. Harfangs , Dustin Jeffrey 10 (Cody Eakin 17, Victor Bartley 5) at 0:28
9. Patriotes , Timothy Kunes 6 (Ryan Wilson 20, Marek Schwarz) at 3:07 (PP)
10. Patriotes , Andrew Gordon 19 (David Kolomatis 9, Anthony Bitetto 17) at 3:55
11. Harfangs , Vojtech Polak 5 (Tomas Kubalik 15) at 5:22 (PP)
12. Harfangs , Dustin Jeffrey 11 (Cody Eakin 18, Nathan Beaulieu 16) at 6:22 (PP)
13. Harfangs , Jujhar Khaira 3 (Michal Repik 1, Nick Holden 6) at 18:03
Penalties :
Andreas Martinsen (BEA) for Hooking (Minor) at 2:36, Timothy Kunes (Nyc) for Holding (Minor) at 4:02, Justin Florek (Nyc) for Holding (Minor) at 5:53, Justin Florek (Nyc) for Tripping (Minor) at 9:30, Austin Watson (Nyc) for Holding Stick (Minor) at 19:25
Goalie Stats
Andrei Vasilevskiy (Nyc), 10 saves from 14 shots - (0.714), 26:58 minutes
Marek Schwarz (Nyc), 19 saves from 23 shots - (0.826), L, 4-9-4, 33:02 minutes
Anton Forsberg (BEA), 23 saves from 28 shots - (0.821), W, 3-3-1, 60:00 minutes
Players Stats for Patriotes
Player Name G A P +/- PIM S H SB GA TA FO MP PP MP PK MP
------------------------------------------------------------------------------------
Aaron Ness 0 0 0 -1 0 0 0 0 0 0 0/0 11:38 0:00 1:25
Alex Petrovic 0 1 1 -1 0 0 0 1 0 0 0/0 10:13 0:00 0:00
Andrew Gordon 1 1 2 0 0 4 3 0 0 0 9/15 19:04 2:30 7:20
Anthony Bitetto 0 1 1 -1 0 2 1 2 1 1 0/0 21:12 1:54 3:37
Austin Watson 0 0 0 -1 4 0 0 2 0 0 1/1 10:38 0:00 0:32
Christian Hanson 0 1 1 0 0 3 0 0 0 0 17/27 25:12 2:13 7:17
David Kolomatis 0 1 1 -1 0 1 1 3 0 0 0/0 21:12 1:54 3:37
Emerson Etem 0 0 0 -1 0 1 2 2 1 0 1/1 11:18 0:00 1:02
Jared Knight 0 0 0 -1 0 2 0 0 0 0 1/6 10:21 0:00 0:22
Justin Florek 0 0 0 0 6 0 2 0 0 0 0/1 11:34 1:58 0:04
Mark Stone 2 0 2 0 0 2 0 1 0 0 1/3 16:00 0:22 0:00
Matt Calvert 0 1 1 0 2 4 0 1 2 0 0/2 20:16 2:12 2:17
Phil McRae 1 0 1 0 2 3 2 1 0 0 2/7 9:31 0:16 0:00
Ryan Wilson 0 2 2 1 0 2 5 3 2 0 0/0 28:35 2:35 7:18
Timothy Kunes 1 1 2 1 2 1 0 3 0 1 0/0 27:09 2:35 5:53
Tyler Randell 0 0 0 0 0 1 4 0 1 1 0/1 14:28 1:58 2:56
Vince Hinostroza 0 0 0 0 0 1 1 0 0 0 0/0 9:12 0:00 0:00
Zenon Konopka 0 0 0 0 0 1 2 0 0 1 3/6 11:24 1:58 0:00
Players Stats for Harfangs
Player Name G A P +/- PIM S H SB GA TA FO MP PP MP PK MP
------------------------------------------------------------------------------------
Alex Plante 0 0 0 -1 0 0 0 0 0 0 0/0 9:03 0:00 0:00
Andreas Martinsen 0 1 1 0 4 2 1 1 0 0 0/0 12:06 0:00 0:29
Angelo Esposito 0 0 0 0 0 1 0 1 0 1 3/5 6:52 0:00 0:00
Brandon Pirri 0 0 0 0 0 2 2 0 0 0 1/1 16:16 4:25 0:00
Brendan Leipsic 0 0 0 0 0 0 0 0 0 0 0/0 0:00 0:00 0:00
Brenden Kichton 0 1 1 0 0 0 0 1 0 0 0/0 4:22 0:00 0:00
Calle Jarnkrok 1 0 1 0 0 4 1 0 1 0 2/4 10:10 0:00 0:00
Cody Eakin 1 3 4 0 0 4 0 0 0 0 9/13 19:24 4:25 2:42
Cristoval Nieves 0 0 0 0 0 0 0 0 0 0 0/0 0:59 0:00 0:59
Dennis Everberg 0 0 0 0 0 3 2 0 0 0 0/1 10:10 0:00 0:00
Dustin Jeffrey 3 0 3 0 0 4 1 1 0 1 0/0 16:16 4:25 0:00
Dylan Olsen 0 1 1 1 0 0 2 0 0 0 0/0 18:24 3:34 1:46
Jake Dotchin 0 0 0 0 0 0 0 0 0 0 0/0 0:00 0:00 0:00
Jean-Gabriel Pageau 1 0 1 1 0 2 4 0 0 0 20/43 23:36 6:22 2:42
Joel Armia 0 0 0 0 0 0 0 0 0 0 0/0 0:16 0:08 0:00
Jujhar Khaira 1 0 1 0 0 2 1 1 0 1 0/0 7:14 0:00 0:22
Mark Alt 0 0 0 -1 0 0 0 0 0 0 0/0 9:03 0:00 0:00
Michal Repik 0 1 1 0 0 1 0 1 0 0 0/0 6:52 0:00 0:00
Nathan Beaulieu 0 2 2 1 0 1 0 0 0 0 0/0 28:11 7:21 2:43
Nick Holden 0 1 1 1 0 0 1 0 0 2 0/0 18:24 3:34 1:46
Reid McNeill 0 0 0 0 0 0 1 0 0 0 0/0 4:22 0:00 0:00
Sebastian Wannstrom 0 0 0 0 0 0 0 0 0 0 0/0 0:00 0:00 0:00
Tomas Kubalik 0 2 2 1 2 5 2 0 2 0 0/3 22:18 6:30 0:32
Victor Bartley 0 1 1 1 0 2 1 1 1 0 0/0 28:11 7:21 2:43
Vojtech Polak 1 1 2 1 0 4 1 0 0 2 0/0 22:59 6:30 1:12
3 Stars
1 - Dustin Jeffrey (BEA)
2 - Cody Eakin (BEA)
3 - Vojtech Polak (BEA)
Power Play
Patriotes - 1 on 3 Attempt(s) - 33.33%
Harfangs - 3 on 8 Attempt(s) - 37.50%
Penalty Kill
Patriotes - 5 on 8 Attempt(s) - 62.50%
- Score 0 goal in Penalty Kill
Harfangs - 2 on 3 Attempt(s) - 66.67%
- Score 0 goal in Penalty Kill
Team Stat
Patriotes - Hits : 23 - Faceoff Wins : 35 - Blocked Shots : 19 - Penalty Minutes : 16
Harfangs - Hits : 20 - Faceoff Wins : 35 - Blocked Shots : 7 - Penalty Minutes : 6
Official
Referees : Kozari Steve and Ciamaga Chris
Linesman : Mike Cvik and Brad Lazarowich
Game Notes
Marek Schwarz enters game at 6:58 of 2nd period
Dustin Jeffrey has scored a Hat Trick!
Finance
Level 1 -- Attendance: 1482 (74.10%) -- Ticket Income $50,388
Level 2 -- Attendance: 795 (79.50%) -- Ticket Income $15,105
Total Attendance: 2277 (75.90%)
Total Ticket Income: $65,493
Other Income: $3,275
Total Income: $68,768
Patriotes
5 vs 5 Forward
Center Left Wing Right Wing Time % Phy DF OF
1 Christian Hanson Matt Calvert Mark Stone 40 1 2 2
2 Zenon Konopka Justin Florek Tyler Randell 20 1 2 2
3 Phil McRae Vince Hinostroza Andrew Gordon 20 1 2 2
4 Jared Knight Austin Watson Emerson Etem 20 1 2 2
5 vs 5 Defense
Defense Defense Time % Phy DF OF
1 Ryan Wilson Timothy Kunes 40 1 2 2
2 Anthony Bitetto David Kolomatis 30 1 2 2
3 Alex Petrovic Aaron Ness 20 1 2 2
4 Ryan Wilson Timothy Kunes 10 1 2 2
PowerPlay Forward
Center Left Wing Right Wing Time % Phy DF OF
1 Christian Hanson Matt Calvert Andrew Gordon 60 1 2 2
2 Zenon Konopka Justin Florek Tyler Randell 40 1 2 2
PowerPlay Defense
Defense Defense Time % Phy DF OF
1 Ryan Wilson Timothy Kunes 60 1 2 2
2 Anthony Bitetto David Kolomatis 40 1 2 2
Penalty Kill 4 Players Forward
Center Wing Time % Phy DF OF
1 Andrew Gordon Christian Hanson 60 1 2 2
2 Tyler Randell Matt Calvert 40 1 2 2
Penalty Kill 4 Players Defense
Defense Defense Time % Phy DF OF
1 Ryan Wilson Timothy Kunes 60 1 2 2
2 Anthony Bitetto David Kolomatis 40 1 2 2
Penalty Kill - 3 Players Forward
Forward Time % Phy DF OF
1 Andrew Gordon 60 1 2 2
2 Christian Hanson 40 1 2 2
Penalty Kill - 3 Players Defense
Defense Defense Time % Phy DF OF
1 Ryan Wilson Timothy Kunes 60 1 2 2
2 Anthony Bitetto David Kolomatis 40 1 2 2
4 vs 4 Forward
Center Wing Time % Phy DF OF
1 Andrew Gordon Christian Hanson 60 1 2 2
2 Tyler Randell Matt Calvert 40 1 2 2
4 vs 4 Defense
Defense Defense Time % Phy DF OF
1 Ryan Wilson Timothy Kunes 60 1 2 2
2 Anthony Bitetto David Kolomatis 40 1 2 2
Last Minutes Offensive
Center Left Wing Right Wing Defense Defense
Christian Hanson Matt Calvert Andrew Gordon Ryan Wilson Timothy Kunes
Last Minutes Defensive
Center Left Wing Right Wing Defense Defense
Christian Hanson Matt Calvert Andrew Gordon Ryan Wilson Timothy Kunes
Goaltenders
Starting : Andrei Vasilevskiy
Backup : Marek Schwarz
Extra Forwards
Normal : Mark Stone, Phil McRae, Emerson Etem - PP : Mark Stone, Phil McRae - PK : Emerson Etem
Extra Defensemen
Normal : Alex Petrovic, Aaron Ness, Anthony Bitetto - PP : Alex Petrovic - PK : Aaron Ness, Anthony Bitetto
Penalty Shots
Andrew Gordon, Christian Hanson, Tyler Randell, Matt Calvert, Zenon Konopka
Scratches
Evgeny Kuznetsov (Sports Hernia Injury), Robert Baillargeon (Healthy), Scott Glennie (Healthy), Robbie Russo (Healthy), Riley Barber (Healthy)
Phoenix Copley (Healthy)
Harfangs
5 vs 5 Forward
Center Left Wing Right Wing Time % Phy DF OF
1 Jean-Gabriel Pageau Vojtech Polak Tomas Kubalik 40 1 2 2
2 Cody Eakin Dustin Jeffrey Brandon Pirri 30 1 2 2
3 Calle Jarnkrok Andreas Martinsen Dennis Everberg 20 1 2 2
4 Angelo Esposito Jujhar Khaira Michal Repik 10 1 2 2
5 vs 5 Defense
Defense Defense Time % Phy DF OF
1 Victor Bartley Nathan Beaulieu 40 1 2 2
2 Dylan Olsen Nick Holden 30 1 2 2
3 Mark Alt Alex Plante 20 1 2 2
4 Reid McNeill Brenden Kichton 10 1 2 2
PowerPlay Forward
Center Left Wing Right Wing Time % Phy DF OF
1 Jean-Gabriel Pageau Vojtech Polak Tomas Kubalik 60 1 2 2
2 Cody Eakin Dustin Jeffrey Brandon Pirri 40 1 2 2
PowerPlay Defense
Defense Defense Time % Phy DF OF
1 Victor Bartley Nathan Beaulieu 60 1 2 2
2 Dylan Olsen Nick Holden 40 1 2 2
Penalty Kill 4 Players Forward
Center Wing Time % Phy DF OF
1 Jean-Gabriel Pageau Cody Eakin 60 1 2 2
2 Vojtech Polak Tomas Kubalik 40 1 2 2
Penalty Kill 4 Players Defense
Defense Defense Time % Phy DF OF
1 Victor Bartley Nathan Beaulieu 60 1 2 2
2 Dylan Olsen Nick Holden 40 1 2 2
Penalty Kill - 3 Players Forward
Forward Time % Phy DF OF
1 Jean-Gabriel Pageau 60 1 2 2
2 Cody Eakin 40 1 2 2
Penalty Kill - 3 Players Defense
Defense Defense Time % Phy DF OF
1 Victor Bartley Nathan Beaulieu 60 1 2 2
2 Dylan Olsen Nick Holden 40 1 2 2
4 vs 4 Forward
Center Wing Time % Phy DF OF
1 Jean-Gabriel Pageau Cody Eakin 60 1 2 2
2 Vojtech Polak Tomas Kubalik 40 1 2 2
4 vs 4 Defense
Defense Defense Time % Phy DF OF
1 Victor Bartley Nathan Beaulieu 60 1 2 2
2 Dylan Olsen Nick Holden 40 1 2 2
Last Minutes Offensive
Center Left Wing Right Wing Defense Defense
Jean-Gabriel Pageau Vojtech Polak Tomas Kubalik Victor Bartley Nathan Beaulieu
Last Minutes Defensive
Center Left Wing Right Wing Defense Defense
Jean-Gabriel Pageau Vojtech Polak Tomas Kubalik Victor Bartley Nathan Beaulieu
Goaltenders
Starting : Anton Forsberg
Backup : Andrew Hammond
Extra Forwards
Normal : Joel Armia, Sebastian Wannstrom, Cristoval Nieves - PP : Joel Armia, Sebastian Wannstrom - PK : Cristoval Nieves
Extra Defensemen
Normal : Jake Dotchin, Mark Alt, Alex Plante - PP : Jake Dotchin - PK : Mark Alt, Alex Plante
Penalty Shots
Jean-Gabriel Pageau, Cody Eakin, Vojtech Polak, Tomas Kubalik, Dustin Jeffrey
Scratches
Colton Sissons (Sore Right Knee Injury), John Macfarland (Healthy), Jason Kasdorf (Healthy), Mark Visentin (Healthy), Scott Wedgewood (Healthy)
% Time on Ice - Patriotes
Lines # - Real PCT - Wanted PCT - Time Play
Normal Forward
1 - 36% - 40% - 15:51
2 - 21% - 20% - 9:34
3 - 21% - 20% - 9:12
4 - 22% - 20% - 9:59
Normal Defense
1 - 39% - 40% - 17:27
2 - 35% - 30% - 15:41
3 - 23% - 20% - 10:13
4 - 3% - 10% - 1:15
PP Forward
1 - 56% - 60% - 2:31
2 - 44% - 40% - 1:58
PP Defense
1 - 58% - 60% - 2:35
2 - 42% - 40% - 1:54
PK Forward
1 - 73% - 60% - 7:59
2 - 27% - 40% - 2:56
PK Defense
1 - 67% - 60% - 7:18
2 - 33% - 40% - 3:37
PK3 Forward
1 - 0% - 60%
2 - 0% - 40%
PK3 Defense
1 - 0% - 60%
2 - 0% - 40%
44 Forward
1 - 0% - 60%
2 - 0% - 40%
44 Defense
1 - 0% - 60%
2 - 0% - 40%
Last Minute Offensive - 0:00
Last Minute Defensive - 0:00
Total
Forward - 60:00
Defense - 60:00
|
% Time on Ice - Harfangs
Lines # - Real PCT - Wanted PCT - Time Play
Normal Forward
1 - 33% - 40% - 14:40
2 - 29% - 30% - 12:54
3 - 23% - 20% - 10:10
4 - 15% - 10% - 6:52
Normal Defense
1 - 41% - 40% - 18:07
2 - 29% - 30% - 13:04
3 - 20% - 20% - 9:03
4 - 10% - 10% - 4:22
PP Forward
1 - 60% - 60% - 6:30
2 - 40% - 40% - 4:25
PP Defense
1 - 67% - 60% - 7:21
2 - 33% - 40% - 3:34
PK Forward
1 - 73% - 60% - 3:17
2 - 27% - 40% - 1:12
PK Defense
1 - 61% - 60% - 2:43
2 - 39% - 40% - 1:46
PK3 Forward
1 - 0% - 60%
2 - 0% - 40%
PK3 Defense
1 - 0% - 60%
2 - 0% - 40%
44 Forward
1 - 0% - 60%
2 - 0% - 40%
44 Defense
1 - 0% - 60%
2 - 0% - 40%
Last Minute Offensive - 0:00
Last Minute Defensive - 0:00
Total
Forward - 60:00
Defense - 60:00
|
Play by Play
1st period
0:01 of 1st period - Christian Hanson wins face-off versus Tomas Kubalik in neutral zone.
0:10 of 1st period - Wrist shot by Christian Hanson.
0:10 of 1st period - Deflect By Victor Bartley.
0:10 of 1st period - Stopped by Anton Forsberg without a rebound.
0:11 of 1st period - Zenon Konopka wins face-off versus Cody Eakin in Harfangs zone.
0:20 of 1st period - Snap shot by Brandon Pirri.
0:20 of 1st period - Deflect By Cody Eakin.
0:20 of 1st period - Stopped by Andrei Vasilevskiy with a rebound.
0:36 of 1st period - Wrist shot by Jujhar Khaira.
0:36 of 1st period - Stopped by Andrei Vasilevskiy without a rebound.
0:37 of 1st period - Phil McRae wins face-off versus Angelo Esposito in Patriotes zone.
0:42 of 1st period - Wrist shot by Phil McRae.
0:42 of 1st period - Deflect By Mark Alt.
0:42 of 1st period - Stopped by Anton Forsberg with a rebound.
0:44 of 1st period - Snap shot by Vince Hinostroza.
0:44 of 1st period - Stopped by Anton Forsberg without a rebound.
0:45 of 1st period - Phil McRae wins face-off versus Jean-Gabriel Pageau in Harfangs zone.
1:12 of 1st period - Mark Stone is hit by Calle Jarnkrok and loses puck.
1:38 of 1st period - Wrist shot by Cody Eakin.
1:38 of 1st period - Shot Blocked by Austin Watson.
1:54 of 1st period - Mark Alt is hit by Justin Florek and loses puck.
2:15 of 1st period - Slapshot by Jean-Gabriel Pageau.
2:15 of 1st period - Shot Misses the Net.
2:21 of 1st period - Alex Plante is hit by Phil McRae and loses puck.
2:53 of 1st period - Off-side.
2:54 of 1st period - Cody Eakin wins face-off versus Jared Knight in neutral zone.
3:23 of 1st period - Snap shot by Matt Calvert.
3:23 of 1st period - Shot Blocked by Victor Bartley.
3:25 of 1st period - Backhand shot by Christian Hanson.
3:25 of 1st period - Shot Misses the Net.
3:27 of 1st period - Slapshot by David Kolomatis.
3:27 of 1st period - Stopped by Anton Forsberg without a rebound.
3:28 of 1st period - Cody Eakin wins face-off versus Christian Hanson in Harfangs zone.
3:58 of 1st period - Snap shot by Dennis Everberg.
3:58 of 1st period - Shot Hit the Post.
4:40 of 1st period - Snap shot by Michal Repik.
4:40 of 1st period - Shot Blocked by David Kolomatis.
5:11 of 1st period - Minor Penalty to Matt Calvert for Hooking.
5:12 of 1st period - Jean-Gabriel Pageau wins face-off versus Andrew Gordon in Patriotes zone.
5:44 of 1st period - Snap shot by Brandon Pirri.
5:44 of 1st period - Stopped by Andrei Vasilevskiy with a rebound.
5:46 of 1st period - Slapshot by Nathan Beaulieu.
5:46 of 1st period - Shot Blocked by Timothy Kunes.
5:48 of 1st period - Slapshot by Dustin Jeffrey.
5:48 of 1st period - Shot Hit the Post.
7:09 of 1st period - Nick Holden is hit by Emerson Etem and loses puck.
7:11 of 1st period - Penalty to Matt Calvert is over, Matt Calvert is back on ice.
7:18 of 1st period - Snap shot by Matt Calvert.
7:18 of 1st period - Stopped by Anton Forsberg without a rebound.
7:19 of 1st period - Calle Jarnkrok wins face-off versus Christian Hanson in Harfangs zone.
7:26 of 1st period - Christian Hanson is hit by Reid McNeill and loses puck.
7:31 of 1st period - Snap shot by Andreas Martinsen.
7:31 of 1st period - Stopped by Andrei Vasilevskiy with a rebound.
7:33 of 1st period - Snap shot by Calle Jarnkrok.
7:33 of 1st period - Goal by Calle Jarnkrok - Patriotes : 0 - Harfangs : 1.
7:34 of 1st period - Jean-Gabriel Pageau wins face-off versus Christian Hanson in neutral zone.
7:59 of 1st period - Christian Hanson is hit by Dennis Everberg and loses puck.
8:12 of 1st period - Snap shot by Calle Jarnkrok.
8:12 of 1st period - Stopped by Andrei Vasilevskiy with a rebound.
8:18 of 1st period - Snap shot by Christian Hanson.
8:18 of 1st period - Deflect By Matt Calvert.
8:18 of 1st period - Stopped by Anton Forsberg without a rebound.
8:19 of 1st period - Cody Eakin wins face-off versus Phil McRae in Harfangs zone.
8:33 of 1st period - Snap shot by Andrew Gordon.
8:33 of 1st period - Shot Misses the Net.
8:45 of 1st period - Snap shot by Zenon Konopka.
8:45 of 1st period - Shot Misses the Net.
8:52 of 1st period - Icing by Brandon Pirri.
8:53 of 1st period - Cody Eakin wins face-off versus Jared Knight in Harfangs zone.
9:28 of 1st period - Wrist shot by Brandon Pirri.
9:28 of 1st period - Shot Blocked by Emerson Etem.
9:30 of 1st period - Snap shot by Dustin Jeffrey.
9:30 of 1st period - Shot Misses the Net.
9:32 of 1st period - Slapshot by Nathan Beaulieu.
9:32 of 1st period - Deflect By Brandon Pirri.
9:32 of 1st period - Shot Misses the Net.
9:32 of 1st period - Puck is out of play.
9:33 of 1st period - Mark Stone wins face-off versus Jean-Gabriel Pageau in Patriotes zone.
9:40 of 1st period - Snap shot by Matt Calvert.
9:40 of 1st period - Stopped by Anton Forsberg without a rebound.
9:41 of 1st period - Jean-Gabriel Pageau wins face-off versus Matt Calvert in Harfangs zone.
9:53 of 1st period - Off-side.
9:54 of 1st period - Christian Hanson wins face-off versus Tomas Kubalik in neutral zone.
10:07 of 1st period - Wrist shot by Jean-Gabriel Pageau.
10:07 of 1st period - Shot Blocked by Ryan Wilson.
10:19 of 1st period - Victor Bartley is hit by Ryan Wilson and loses puck.
11:29 of 1st period - Wrist shot by Jean-Gabriel Pageau.
11:29 of 1st period - Shot Blocked by David Kolomatis.
12:06 of 1st period - Wrist shot by Phil McRae.
12:06 of 1st period - Goal by Phil McRae - Patriotes : 1 - Harfangs : 1.
12:07 of 1st period - Jean-Gabriel Pageau wins face-off versus Mark Stone in neutral zone.
13:01 of 1st period - Slapshot by Ryan Wilson.
13:01 of 1st period - Deflect By Zenon Konopka.
13:01 of 1st period - Deflect By Dustin Jeffrey.
13:01 of 1st period - Stopped by Anton Forsberg without a rebound.
13:02 of 1st period - Christian Hanson wins face-off versus Jean-Gabriel Pageau in Harfangs zone.
13:09 of 1st period - Ryan Wilson is hit by Jean-Gabriel Pageau and loses puck.
14:06 of 1st period - Slapshot by Ryan Wilson.
14:06 of 1st period - Stopped by Anton Forsberg without a rebound.
14:07 of 1st period - Jean-Gabriel Pageau wins face-off versus Phil McRae in Harfangs zone.
14:07 of 1st period - Jean-Gabriel Pageau is hit by Vince Hinostroza.
14:10 of 1st period - Minor Penalty to Tomas Kubalik for Hooking.
14:11 of 1st period - Zenon Konopka wins face-off versus Jean-Gabriel Pageau in Harfangs zone.
14:21 of 1st period - Backhand shot by Tyler Randell.
14:21 of 1st period - Stopped by Anton Forsberg with a rebound.
15:42 of 1st period - Jean-Gabriel Pageau is hit by Tyler Randell and loses puck.
16:01 of 1st period - Wrist shot by Vojtech Polak.
16:01 of 1st period - Shot Misses the Net.
16:10 of 1st period - Penalty to Tomas Kubalik is over, Tomas Kubalik is back on ice.
16:44 of 1st period - Slapshot by Tomas Kubalik.
16:44 of 1st period - Stopped by Andrei Vasilevskiy with a rebound.
17:04 of 1st period - Wrist shot by Emerson Etem.
17:04 of 1st period - Shot Misses the Net.
17:08 of 1st period - Wrist shot by Emerson Etem.
17:08 of 1st period - Shot Misses the Net.
17:10 of 1st period - Slapshot by Timothy Kunes.
17:10 of 1st period - Shot Misses the Net.
17:12 of 1st period - Snap shot by Jared Knight.
17:12 of 1st period - Stopped by Anton Forsberg without a rebound.
17:13 of 1st period - Angelo Esposito wins face-off versus Christian Hanson in Harfangs zone.
17:24 of 1st period - Slapshot by Matt Calvert.
17:24 of 1st period - Shot Misses the Net.
17:49 of 1st period - Slapshot by Justin Florek.
17:49 of 1st period - Shot Blocked by Dustin Jeffrey.
18:01 of 1st period - Nick Holden is hit by Andrew Gordon and loses puck.
18:06 of 1st period - Snap shot by Phil McRae.
18:06 of 1st period - Stopped by Anton Forsberg with a rebound.
18:30 of 1st period - Icing by Michal Repik.
18:31 of 1st period - Zenon Konopka wins face-off versus Cody Eakin in Harfangs zone.
18:44 of 1st period - Snap shot by Brandon Pirri.
18:44 of 1st period - Shot Blocked by Alex Petrovic.
19:19 of 1st period - Slapshot by Tyler Randell.
19:19 of 1st period - Deflect By Zenon Konopka.
19:19 of 1st period - Shot Misses the Net.
19:19 of 1st period - Puck is out of play.
19:20 of 1st period - Christian Hanson wins face-off versus Cody Eakin in Harfangs zone.
19:46 of 1st period - Andrew Gordon is hit by Dylan Olsen and loses puck.
Goals for this period are 1 for Patriotes vs 1 for Harfangs.
Shots for this period are 13 for Patriotes vs 7 for Harfangs.
2nd period
0:01 of 2nd period - Jean-Gabriel Pageau wins face-off versus Christian Hanson in neutral zone.
0:09 of 2nd period - Matt Calvert is hit by Tomas Kubalik.
0:25 of 2nd period - Victor Bartley is hit by Emerson Etem and loses puck.
0:42 of 2nd period - Snap shot by Vojtech Polak.
0:42 of 2nd period - Stopped by Andrei Vasilevskiy without a rebound.
0:43 of 2nd period - Christian Hanson wins face-off versus Dennis Everberg in Patriotes zone.
0:43 of 2nd period - Christian Hanson is hit by Nick Holden.
0:53 of 2nd period - Wrist shot by Calle Jarnkrok.
0:53 of 2nd period - Shot Misses the Net.
0:58 of 2nd period - Wrist shot by Dennis Everberg.
0:58 of 2nd period - Shot Misses the Net.
1:32 of 2nd period - Wrist shot by Dustin Jeffrey.
1:32 of 2nd period - Shot Blocked by Timothy Kunes.
1:38 of 2nd period - Snap shot by Christian Hanson.
1:38 of 2nd period - Stopped by Anton Forsberg with a rebound.
1:40 of 2nd period - Snap shot by Mark Stone.
1:40 of 2nd period - Goal by Mark Stone - Patriotes : 2 - Harfangs : 1.
1:41 of 2nd period - Jean-Gabriel Pageau wins face-off versus Phil McRae in neutral zone.
1:48 of 2nd period - Slapshot by Tomas Kubalik.
1:48 of 2nd period - Shot Misses the Net.
1:50 of 2nd period - Slapshot by Jean-Gabriel Pageau.
1:50 of 2nd period - Shot Misses the Net.
1:56 of 2nd period - Vince Hinostroza is hit by Vojtech Polak and loses puck.
2:39 of 2nd period - Snap shot by Cody Eakin.
2:39 of 2nd period - Goal by Cody Eakin - Patriotes : 2 - Harfangs : 2.
2:40 of 2nd period - Christian Hanson wins face-off versus Jean-Gabriel Pageau in neutral zone.
2:43 of 2nd period - Slapshot by Ryan Wilson.
2:43 of 2nd period - Stopped by Anton Forsberg without a rebound.
2:44 of 2nd period - Christian Hanson wins face-off versus Jean-Gabriel Pageau in Harfangs zone.
3:39 of 2nd period - Emerson Etem is hit by Jujhar Khaira and loses puck.
4:42 of 2nd period - Anthony Bitetto is hit by Jean-Gabriel Pageau and loses puck.
4:47 of 2nd period - Snap shot by Jean-Gabriel Pageau.
4:47 of 2nd period - Shot Blocked by Phil McRae.
4:51 of 2nd period - Backhand shot by Vojtech Polak.
4:51 of 2nd period - Shot Blocked by David Kolomatis.
4:53 of 2nd period - Slapshot by Vojtech Polak.
4:53 of 2nd period - Shot Blocked by Anthony Bitetto.
4:55 of 2nd period - Backhand shot by Tomas Kubalik.
4:55 of 2nd period - Shot Misses the Net.
4:57 of 2nd period - Wrist shot by Jean-Gabriel Pageau.
4:57 of 2nd period - Shot Misses the Net.
4:59 of 2nd period - Wrist shot by Vojtech Polak.
4:59 of 2nd period - Stopped by Andrei Vasilevskiy with a rebound.
5:01 of 2nd period - Slapshot by Vojtech Polak.
5:01 of 2nd period - Stopped by Andrei Vasilevskiy with a rebound.
5:03 of 2nd period - Wrist shot by Jean-Gabriel Pageau.
5:03 of 2nd period - Goal by Jean-Gabriel Pageau - Patriotes : 2 - Harfangs : 3.
5:04 of 2nd period - Christian Hanson wins face-off versus Calle Jarnkrok in neutral zone.
5:33 of 2nd period - Snap shot by Emerson Etem.
5:33 of 2nd period - Deflect By Austin Watson.
5:33 of 2nd period - Shot Misses the Net.
5:33 of 2nd period - Puck is out of play.
5:34 of 2nd period - Cody Eakin wins face-off versus Jared Knight in Harfangs zone.
5:40 of 2nd period - Off-side.
5:41 of 2nd period - Cody Eakin wins face-off versus Christian Hanson in neutral zone.
6:06 of 2nd period - Dylan Olsen is hit by Tyler Randell and loses puck.
6:11 of 2nd period - Wrist shot by Zenon Konopka.
6:11 of 2nd period - Deflect By Tyler Randell.
6:11 of 2nd period - Shot Hit the Post.
6:11 of 2nd period - Puck is out of play.
6:12 of 2nd period - Jean-Gabriel Pageau wins face-off versus Justin Florek in Harfangs zone.
6:12 of 2nd period - Jean-Gabriel Pageau is hit by Zenon Konopka.
6:20 of 2nd period - Snap shot by Tomas Kubalik.
6:20 of 2nd period - Stopped by Andrei Vasilevskiy with a rebound.
6:22 of 2nd period - Minor Penalty to Justin Florek for Hooking.
6:23 of 2nd period - Andrew Gordon wins face-off versus Jean-Gabriel Pageau in Patriotes zone.
6:58 of 2nd period - Slapshot by Cody Eakin.
6:58 of 2nd period - Deflect By Dustin Jeffrey.
6:58 of 2nd period - Goal by Dustin Jeffrey - Patriotes : 2 - Harfangs : 4.
6:58 of 2nd period - Marek Schwarz enters game.
6:59 of 2nd period - Jean-Gabriel Pageau wins face-off versus Jared Knight in neutral zone.
7:02 of 2nd period - Slapshot by Victor Bartley.
7:02 of 2nd period - Deflect By Jean-Gabriel Pageau.
7:02 of 2nd period - Shot Misses the Net.
7:02 of 2nd period - Puck is out of play.
7:03 of 2nd period - Austin Watson wins face-off versus Jean-Gabriel Pageau in Patriotes zone.
7:05 of 2nd period - Minor Penalty to Austin Watson for Goalie Interference.
7:06 of 2nd period - Jean-Gabriel Pageau wins face-off versus Andrew Gordon in Patriotes zone.
7:06 of 2nd period - Snap shot by Tomas Kubalik.
7:06 of 2nd period - Shot Blocked by Ryan Wilson.
7:08 of 2nd period - Slapshot by Nathan Beaulieu.
7:08 of 2nd period - Stopped by Marek Schwarz without a rebound.
7:09 of 2nd period - Andrew Gordon wins face-off versus Jean-Gabriel Pageau in Patriotes zone.
7:09 of 2nd period - Andrew Gordon is hit by Jean-Gabriel Pageau.
7:35 of 2nd period - Snap shot by Brandon Pirri.
7:35 of 2nd period - Shot Misses the Net.
7:37 of 2nd period - Slapshot by Nathan Beaulieu.
7:37 of 2nd period - Deflect By Cody Eakin.
7:37 of 2nd period - Shot Blocked by Ryan Wilson.
7:37 of 2nd period - Puck is out of play.
7:38 of 2nd period - Andrew Gordon wins face-off versus Cody Eakin in Patriotes zone.
7:45 of 2nd period - Slapshot by Brandon Pirri.
7:45 of 2nd period - Shot Misses the Net.
7:47 of 2nd period - Wrist shot by Dustin Jeffrey.
7:47 of 2nd period - Stopped by Marek Schwarz without a rebound.
7:48 of 2nd period - Jean-Gabriel Pageau wins face-off versus Andrew Gordon in Patriotes zone.
8:01 of 2nd period - Nick Holden is hit by Anthony Bitetto and loses puck.
8:16 of 2nd period - Wrist shot by Jean-Gabriel Pageau.
8:16 of 2nd period - Shot Blocked by Anthony Bitetto.
8:45 of 2nd period - Matt Calvert is hit by Tomas Kubalik.
8:55 of 2nd period - Ryan Wilson is hit by Brandon Pirri and loses puck.
9:05 of 2nd period - Penalty to Austin Watson is over, Austin Watson is back on ice.
9:18 of 2nd period - Aaron Ness is hit by Victor Bartley and loses puck.
9:33 of 2nd period - Slapshot by Victor Bartley.
9:33 of 2nd period - Shot Misses the Net.
9:53 of 2nd period - Minor Penalty to Andreas Martinsen for Hooking.
9:54 of 2nd period - Jean-Gabriel Pageau wins face-off versus Christian Hanson in Harfangs zone.
10:06 of 2nd period - Snap shot by Matt Calvert.
10:06 of 2nd period - Stopped by Anton Forsberg without a rebound.
10:07 of 2nd period - Jean-Gabriel Pageau wins face-off versus Christian Hanson in Harfangs zone.
11:53 of 2nd period - Penalty to Andreas Martinsen is over, Andreas Martinsen is back on ice.
11:59 of 2nd period - Slapshot by Dylan Olsen.
11:59 of 2nd period - Shot Blocked by Austin Watson.
12:18 of 2nd period - Slapshot by Jean-Gabriel Pageau.
12:18 of 2nd period - Stopped by Marek Schwarz without a rebound.
12:19 of 2nd period - Angelo Esposito wins face-off versus Phil McRae in Patriotes zone.
12:51 of 2nd period - Snap shot by Emerson Etem.
12:51 of 2nd period - Shot Blocked by Andreas Martinsen.
13:13 of 2nd period - Slapshot by Brandon Pirri.
13:13 of 2nd period - Stopped by Marek Schwarz with a rebound.
13:15 of 2nd period - Snap shot by Cody Eakin.
13:15 of 2nd period - Stopped by Marek Schwarz with a rebound.
13:53 of 2nd period - Tomas Kubalik is hit by Tyler Randell and loses puck.
14:00 of 2nd period - Wrist shot by Zenon Konopka.
14:00 of 2nd period - Shot Misses the Net.
14:02 of 2nd period - Slapshot by Anthony Bitetto.
14:02 of 2nd period - Stopped by Anton Forsberg without a rebound.
14:03 of 2nd period - Christian Hanson wins face-off versus Angelo Esposito in Harfangs zone.
14:12 of 2nd period - Slapshot by Ryan Wilson.
14:12 of 2nd period - Shot Blocked by Brenden Kichton.
14:14 of 2nd period - Wrist shot by Matt Calvert.
14:14 of 2nd period - Shot Blocked by Jujhar Khaira.
14:16 of 2nd period - Snap shot by Matt Calvert.
14:16 of 2nd period - Shot Misses the Net.
14:18 of 2nd period - Wrist shot by Mark Stone.
14:18 of 2nd period - Goal by Mark Stone - Patriotes : 3 - Harfangs : 4.
14:19 of 2nd period - Christian Hanson wins face-off versus Jean-Gabriel Pageau in neutral zone.
14:43 of 2nd period - Icing by Christian Hanson.
14:44 of 2nd period - Cody Eakin wins face-off versus Zenon Konopka in Patriotes zone.
15:34 of 2nd period - Wrist shot by Emerson Etem.
15:34 of 2nd period - Stopped by Anton Forsberg with a rebound.
15:36 of 2nd period - Snap shot by Anthony Bitetto.
15:36 of 2nd period - Stopped by Anton Forsberg without a rebound.
15:37 of 2nd period - Calle Jarnkrok wins face-off versus Phil McRae in Harfangs zone.
15:42 of 2nd period - Snap shot by Phil McRae.
15:42 of 2nd period - Shot Misses the Net.
15:44 of 2nd period - Snap shot by Andrew Gordon.
15:44 of 2nd period - Stopped by Anton Forsberg with a rebound.
16:02 of 2nd period - David Kolomatis is hit by Jean-Gabriel Pageau.
16:10 of 2nd period - Wrist shot by Tomas Kubalik.
16:10 of 2nd period - Stopped by Marek Schwarz without a rebound.
16:11 of 2nd period - Jean-Gabriel Pageau wins face-off versus Zenon Konopka in Patriotes zone.
16:20 of 2nd period - Mark Alt is hit by Tyler Randell and loses puck.
16:50 of 2nd period - Snap shot by Dennis Everberg.
16:50 of 2nd period - Stopped by Marek Schwarz with a rebound.
17:04 of 2nd period - Snap shot by Brandon Pirri.
17:04 of 2nd period - Shot Blocked by Matt Calvert.
17:06 of 2nd period - Wrist shot by Victor Bartley.
17:06 of 2nd period - Stopped by Marek Schwarz with a rebound.
17:08 of 2nd period - Slapshot by Victor Bartley.
17:08 of 2nd period - Stopped by Marek Schwarz with a rebound.
17:19 of 2nd period - Off-side.
17:20 of 2nd period - Angelo Esposito wins face-off versus Jared Knight in neutral zone.
18:13 of 2nd period - Minor Penalty to Phil McRae for Hooking.
18:14 of 2nd period - Andrew Gordon wins face-off versus Jean-Gabriel Pageau in Patriotes zone.
19:13 of 2nd period - Icing by Dylan Olsen.
19:14 of 2nd period - Jean-Gabriel Pageau wins face-off versus Tyler Randell in Harfangs zone.
19:35 of 2nd period - Tyler Randell is hit by Brandon Pirri and loses puck.
Goals for this period are 2 for Patriotes vs 3 for Harfangs.
Shots for this period are 9 for Patriotes vs 16 for Harfangs.
3rd period
0:01 of 3rd period - Andrew Gordon wins face-off versus Jean-Gabriel Pageau in neutral zone.
0:13 of 3rd period - Penalty to Phil McRae is over, Phil McRae is back on ice.
0:14 of 3rd period - Backhand shot by Tomas Kubalik.
0:14 of 3rd period - Stopped by Marek Schwarz without a rebound.
0:15 of 3rd period - Brandon Pirri wins face-off versus Matt Calvert in Patriotes zone.
0:18 of 3rd period - Wrist shot by Cody Eakin.
0:18 of 3rd period - Stopped by Marek Schwarz with a rebound.
0:26 of 3rd period - Snap shot by Dustin Jeffrey.
0:26 of 3rd period - Shot Misses the Net.
0:28 of 3rd period - Snap shot by Dustin Jeffrey.
0:28 of 3rd period - Goal by Dustin Jeffrey - Patriotes : 3 - Harfangs : 5.
0:29 of 3rd period - Jean-Gabriel Pageau wins face-off versus Christian Hanson in neutral zone.
0:54 of 3rd period - Victor Bartley is hit by Phil McRae and loses puck.
1:41 of 3rd period - Jujhar Khaira is hit by David Kolomatis and loses puck.
1:48 of 3rd period - Wrist shot by Matt Calvert.
1:48 of 3rd period - Shot Misses the Net.
1:50 of 3rd period - Snap shot by Christian Hanson.
1:50 of 3rd period - Shot Blocked by Michal Repik.
1:52 of 3rd period - Slapshot by Anthony Bitetto.
1:52 of 3rd period - Shot Blocked by Angelo Esposito.
2:36 of 3rd period - Minor Penalty to Andreas Martinsen for Hooking.
2:37 of 3rd period - Christian Hanson wins face-off versus Jean-Gabriel Pageau in Harfangs zone.
2:37 of 3rd period - Snap shot by Ryan Wilson.
2:37 of 3rd period - Deflect By Andrew Gordon.
2:37 of 3rd period - Shot Misses the Net.
2:37 of 3rd period - Puck is out of play.
2:38 of 3rd period - Christian Hanson wins face-off versus Jean-Gabriel Pageau in Harfangs zone.
3:07 of 3rd period - Slapshot by Timothy Kunes.
3:07 of 3rd period - Goal by Timothy Kunes - Patriotes : 4 - Harfangs : 5.
3:08 of 3rd period - Christian Hanson wins face-off versus Tomas Kubalik in neutral zone.
3:55 of 3rd period - Slapshot by Andrew Gordon.
3:55 of 3rd period - Goal by Andrew Gordon - Patriotes : 5 - Harfangs : 5.
3:56 of 3rd period - Jean-Gabriel Pageau wins face-off versus Mark Stone in neutral zone.
4:02 of 3rd period - Minor Penalty to Timothy Kunes for Holding.
4:03 of 3rd period - Andrew Gordon wins face-off versus Jean-Gabriel Pageau in Patriotes zone.
4:17 of 3rd period - Snap shot by Christian Hanson.
4:17 of 3rd period - Stopped by Anton Forsberg without a rebound.
4:18 of 3rd period - Andrew Gordon wins face-off versus Jean-Gabriel Pageau in Harfangs zone.
4:28 of 3rd period - Icing by Jean-Gabriel Pageau.
4:29 of 3rd period - Christian Hanson wins face-off versus Jean-Gabriel Pageau in Harfangs zone.
4:56 of 3rd period - Wrist shot by Tomas Kubalik.
4:56 of 3rd period - Stopped by Marek Schwarz without a rebound.
4:57 of 3rd period - Cody Eakin wins face-off versus Andrew Gordon in Patriotes zone.
5:22 of 3rd period - Slapshot by Vojtech Polak.
5:22 of 3rd period - Goal by Vojtech Polak - Patriotes : 5 - Harfangs : 6.
5:23 of 3rd period - Jean-Gabriel Pageau wins face-off versus Christian Hanson in neutral zone.
5:53 of 3rd period - Minor Penalty to Justin Florek for Holding.
5:54 of 3rd period - Jean-Gabriel Pageau wins face-off versus Andrew Gordon in Patriotes zone.
5:54 of 3rd period - Wrist shot by Vojtech Polak.
5:54 of 3rd period - Shot Blocked by Timothy Kunes.
6:22 of 3rd period - Wrist shot by Dustin Jeffrey.
6:22 of 3rd period - Goal by Dustin Jeffrey - Patriotes : 5 - Harfangs : 7.
6:23 of 3rd period - Christian Hanson wins face-off versus Jean-Gabriel Pageau in neutral zone.
7:11 of 3rd period - Backhand shot by Victor Bartley.
7:11 of 3rd period - Deflect By Dennis Everberg.
7:11 of 3rd period - Shot Misses the Net.
7:11 of 3rd period - Puck is out of play.
7:12 of 3rd period - Jared Knight wins face-off versus Calle Jarnkrok in Patriotes zone.
7:12 of 3rd period - Jared Knight is hit by Dylan Olsen.
7:24 of 3rd period - Snap shot by Calle Jarnkrok.
7:24 of 3rd period - Shot Blocked by Emerson Etem.
7:26 of 3rd period - Slapshot by Calle Jarnkrok.
7:26 of 3rd period - Stopped by Marek Schwarz with a rebound.
7:30 of 3rd period - Snap shot by Andreas Martinsen.
7:30 of 3rd period - Shot Misses the Net.
7:34 of 3rd period - Snap shot by Andreas Martinsen.
7:34 of 3rd period - Stopped by Marek Schwarz without a rebound.
7:35 of 3rd period - Christian Hanson wins face-off versus Jean-Gabriel Pageau in Patriotes zone.
8:01 of 3rd period - Anthony Bitetto is hit by Dustin Jeffrey and loses puck.
8:26 of 3rd period - Slapshot by Dennis Everberg.
8:26 of 3rd period - Stopped by Marek Schwarz with a rebound.
9:04 of 3rd period - Snap shot by Tomas Kubalik.
9:04 of 3rd period - Shot Blocked by Mark Stone.
9:06 of 3rd period - Wrist shot by Nathan Beaulieu.
9:06 of 3rd period - Shot Misses the Net.
9:08 of 3rd period - Wrist shot by Tomas Kubalik.
9:08 of 3rd period - Shot Misses the Net.
9:18 of 3rd period - Dustin Jeffrey is hit by Andrew Gordon and loses puck.
9:23 of 3rd period - Slapshot by Andrew Gordon.
9:23 of 3rd period - Stopped by Anton Forsberg without a rebound.
9:24 of 3rd period - Jean-Gabriel Pageau wins face-off versus Zenon Konopka in Harfangs zone.
9:30 of 3rd period - Minor Penalty to Justin Florek for Tripping.
9:31 of 3rd period - Andrew Gordon wins face-off versus Jean-Gabriel Pageau in Patriotes zone.
9:56 of 3rd period - Nathan Beaulieu is hit by Ryan Wilson.
10:06 of 3rd period - Icing by Dustin Jeffrey.
10:07 of 3rd period - Cody Eakin wins face-off versus Andrew Gordon in Harfangs zone.
11:30 of 3rd period - Penalty to Justin Florek is over, Justin Florek is back on ice.
11:36 of 3rd period - Vojtech Polak is hit by Justin Florek and loses puck.
11:57 of 3rd period - Aaron Ness is hit by Andreas Martinsen and loses puck.
12:50 of 3rd period - Snap shot by Andrew Gordon.
12:50 of 3rd period - Stopped by Anton Forsberg with a rebound.
13:02 of 3rd period - Michal Repik is hit by Ryan Wilson and loses puck.
13:31 of 3rd period - Dustin Jeffrey is hit by Zenon Konopka and loses puck.
13:48 of 3rd period - Snap shot by Dennis Everberg.
13:48 of 3rd period - Stopped by Marek Schwarz with a rebound.
14:24 of 3rd period - Mark Alt is hit by Ryan Wilson.
15:17 of 3rd period - Snap shot by Calle Jarnkrok.
15:17 of 3rd period - Stopped by Marek Schwarz with a rebound.
16:20 of 3rd period - Andreas Martinsen is hit by Andrew Gordon and loses puck.
16:26 of 3rd period - Off-side.
16:27 of 3rd period - Emerson Etem wins face-off versus Jean-Gabriel Pageau in neutral zone.
16:32 of 3rd period - Slapshot by Timothy Kunes.
16:32 of 3rd period - Deflect By Jared Knight.
16:32 of 3rd period - Stopped by Anton Forsberg with a rebound.
17:55 of 3rd period - Snap shot by Jujhar Khaira.
17:55 of 3rd period - Shot Misses the Net.
18:03 of 3rd period - Wrist shot by Jujhar Khaira.
18:03 of 3rd period - Goal by Jujhar Khaira - Patriotes : 5 - Harfangs : 8.
18:04 of 3rd period - Christian Hanson wins face-off versus Jean-Gabriel Pageau in neutral zone.
18:29 of 3rd period - Cody Eakin is hit by Ryan Wilson and loses puck.
18:56 of 3rd period - Ryan Wilson is hit by Dennis Everberg and loses puck.
19:11 of 3rd period - Wrist shot by Michal Repik.
19:11 of 3rd period - Stopped by Marek Schwarz with a rebound.
19:13 of 3rd period - Wrist shot by Angelo Esposito.
19:13 of 3rd period - Stopped by Marek Schwarz with a rebound.
19:25 of 3rd period - Minor Penalty to Austin Watson for Holding Stick.
19:26 of 3rd period - Andrew Gordon wins face-off versus Jean-Gabriel Pageau in Patriotes zone.
Goals for this period are 2 for Patriotes vs 4 for Harfangs.
Shots for this period are 6 for Patriotes vs 14 for Harfangs.
Back to the Top